 Dungeon Crawl Stone Soup version 0.30-a0-1066-g63dfefce0d (webtiles) character file.

Game seed: 14782285758178542216

298006 Zeldest the End of an Era (level 20, -20/191 HPs)
             Began as a Yellow Draconian Brigand on Apr 13, 2023.
             Was the Champion of Qazlal.
             Demolished by a very large slime creature (42 damage)
             ... on level 3 of the Vaults.
             The game lasted 00:59:22 (42412 turns).

Zeldest the End of an Era (DrBr)                   Turns: 42412, Time: 00:59:23

Health: -20/191    AC: 18    Str: 14    XL:     20   Next: 11%
Magic:  26/34      EV: 23    Int: 15    God:    Qazlal [******]
Gold:   1673       SH: 40    Dex: 22    Spells: 19/19 levels left

rFire   + + .      SeeInvis .    a - +6 demon blade (flame)
rCold   + + +      Faith    .    T - +6 tower shield {rC+}
rNeg    + + +      Spirit   .    (body armour unavailable)
rPois   +          Reflect  +    o - +1 hat
rElec   +          Rampage  .    J - +0 cloak of Peraqek {rC+}
rCorr   +                        B - +0 pair of gloves
Will    +....                    b - +1 pair of boots "Fisos" {Contam +Inv rElec rN+++}
Stlth   +                        c - amulet of Lusagy {Reflect rF++ rC+ SH+5}
HPRegen 0.51/turn                D - ring "Kyurad" {rPois rF- rN+ Dex+4}
MPRegen 0.24/turn                C - ring of protection from fire

@: about to teleport, protected from physical damage, studying Long Blades,
repel missiles
A: spit acid, AC +10, unfitting armour, acidic bite, cold-blooded, acid
resistance
}: 2/15 runes: serpentine, barnacled
a: Breathe Acid, Renounce Religion, Evoke Invisibility, Upheaval, Elemental
Force, Disaster Area


You were on level 3 of the Vaults.
You worshipped Qazlal.
Qazlal was exalted by your worship.
You visited 7 branches of the dungeon, and saw 34 of its levels.
You visited the Abyss 2 times.
You also visited: Ice Cave and Volcano.

You collected 3424 gold pieces.
You spent 1751 gold pieces at shops.

Inventory:

Hand Weapons
 a - a +6 demon blade of flaming (weapon)
Missiles
 d - 2 curare-tipped darts
 H - 3 throwing nets
Armour
 b - the +1 pair of boots "Fisos" (worn) {Contam +Inv rElec rN+++}
   (You acquired it on level 3 of the Lair of Beasts)

   rElec:     It insulates you from electricity.
   rN:        It renders you almost immune to negative energy.
   +Inv:      It lets you turn invisible.
   Contam:    It causes magical contamination when unequipped.
 o - a +1 hat (worn)
 B - a +0 pair of gloves (worn)
 J - the +0 cloak of Peraqek (worn) {rC+}
   (You found it on level 9 of the Dungeon)

   rC:        It protects you from cold.
 T - a +6 tower shield of cold resistance (worn)
Jewellery
 c - the amulet of Lusagy (around neck) {Reflect rF++ rC+ SH+5}
   (You found it on level 5 of the Lair of Beasts)

   [amulet of reflection]

   It reflects blocked missile attacks.
   rF:        It greatly protects you from fire.
   rC:        It protects you from cold.
   SH:        It affects your SH (+5).
 m - a ring of poison resistance
 C - a ring of protection from fire (right hand)
 D - the ring "Kyurad" (left hand) {rPois rF- rN+ Dex+4}
   (You found it on level 1 of the Vaults)

   [ring of poison resistance]

   Dex:       It affects your dexterity (+4).
   rF:        It makes you vulnerable to fire.
   rPois:     It protects you from poison.
   rN:        It protects you from negative energy.
 K - a ring of flight
 N - a +4 ring of slaying
Wands
 n - a wand of paralysis (30)
 q - a wand of roots (30)
 L - a wand of light (10)
 S - a wand of digging (7)
Scrolls
 g - 7 scrolls of fear
 i - 5 scrolls of poison
 j - 4 scrolls of silence
 l - 10 scrolls of blinking
 u - 4 scrolls of magic mapping
 v - 7 scrolls of amnesia
 x - 7 scrolls of teleportation
 y - 2 scrolls of brand weapon
 z - 3 scrolls of noise
 A - 4 scrolls of vulnerability
 E - a scroll of torment
 G - 2 scrolls of butterflies
 O - 7 scrolls of immolation
 W - 3 scrolls of fog
 X - a scroll of acquirement
 Y - 7 scrolls of identify
Potions
 e - 7 potions of lignification
 f - 5 potions of mutation
 h - 9 potions of curing
 k - 4 potions of flight
 s - 3 potions of berserk rage
 t - 6 potions of brilliance
 w - 2 potions of heal wounds
 F - 7 potions of resistance
 I - a potion of ambrosia
 M - 3 potions of magic
 P - 4 potions of might
 Q - 3 potions of haste
 R - 2 potions of invisibility
 U - a potion of cancellation
 V - 2 potions of attraction
Miscellaneous
 p - a phantom mirror
 r - a lightning rod (4/4)
 Z - a box of beasts


   Skills:
 + Level 19.1 Fighting
 - Level 2.0(9.2) Short Blades
 - Level 13.9(14.0) Long Blades
 - Level 1.7 Throwing
 - Level 16.2 Dodging
 - Level 3.6 Stealth
 + Level 15.8 Shields
 + Level 21.1 Invocations


You had 19 spell levels left.
You didn't know any spells.
Your spell library contained the following spells:

 Spells                   Type           Power      Damage    Failure   Level
 Apportation              Tloc           0%         N/A       65%         1
 Beastly Appendage        Tmut           0%         N/A       65%         1
 Foxfire                  Conj/Fire      0%         2x1d4     65%         1
 Kiss of Death            Conj/Necr      0%         2d5       65%         1
 Necrotise                Necr           0%         1d4       65%         1
 Summon Small Mammal      Summ           0%         N/A       65%         1
 Blink                    Tloc           0%         N/A       80%         2
 Lesser Beckoning         Tloc           0%         N/A       80%         2
 Momentum Strike          Conj/Tloc      0%         3d8       80%         2
 Wereblood                Tmut           0%         N/A       80%         2
 Call Canine Familiar     Summ           0%         N/A       95%         3
 Confusing Touch          Hex            0%         N/A       95%         3
 Gell's Gravitas          Tloc           0%         N/A       95%         3
 Hailstorm                Conj/Ice       0%         3d3       95%         3
 Inner Flame              Hex/Fire       0%         N/A       95%         3
 Spider Form              Tmut/Pois      0%         N/A       95%         3
 Summon Guardian Golem    Hex/Summ       0%         N/A       95%         3
 Teleport Other           Tloc           0%         N/A       95%         3
 Dispel Undead            Necr           0%         3d6       100%        4
 Flame Wave               Conj/Fire      0%         2d4       100%        4
 Ice Form                 Ice/Tmut       0%         N/A       100%        4
 Leda's Liquefaction      Hex/Erth       0%         N/A       100%        4
 Manifold Assault         Tloc           0%         N/A       100%        4
 Petrify                  Tmut/Erth      0%         N/A       100%        4
 Sticky Flame             Conj/Fire      0%         2d3       100%        4
 Fireball                 Conj/Fire      0%         3d3       100%        5
 Iskenderun's Battlesphe  Conj           0%         2d6       100%        5
 Lee's Rapid Deconstruct  Erth           0%         3d4*      100%        5
 Summon Forest            Summ/Tloc      0%         N/A       100%        5
 Summon Mana Viper        Hex/Summ       0%         N/A       100%        5
 Conjure Ball Lightning   Conj/Air       0%         3x3d6     100%        6
 Death Channel            Necr           0%         N/A       100%        6
 Dispersal                Tloc           0%         N/A       100%        6
 Iron Shot                Conj/Erth      0%         9d1       100%        6
 Plasma Beam              Fire/Air       0%         2x1d11    100%        6
 Simulacrum               Ice/Necr       0%         N/A       100%        6
 Starburst                Conj/Fire      0%         6d3       100%        6
 Statue Form              Tmut/Erth      0%         N/A       100%        6
 Summon Cactus Giant      Summ           0%         N/A       100%        6
 Orb of Destruction       Conj           0%         9d5       100%        7
 Ozocubu's Refrigeration  Ice            0%         4d7       100%        7
 Spellforged Servitor     Conj/Summ      0%         N/A       100%        7
 Storm Form               Tmut/Air       0%         N/A       100%        7
 Disjunction              Tloc           0%         N/A       100%        8
 Necromutation            Tmut/Necr      0%         N/A       100%        8
 Polar Vortex             Ice            0%         N/A       100%        9


Dungeon Overview and Level Annotations

Branches:
Dungeon (15/15) Zot: 24417  Temple (1/1) D:5 Zot: 5772    Lair (5/5) D:9 Zot: 23316
 Shoals (4/4) Lair:3 Zot: 18650   Snake (4/4) Lair:2 Zot: 18470   Slime (0/5) Lair:4
    Orc (2/2) D:9 Zot: 9335     Elf (0/3) Orc:2        Vaults (3/5) D:14 Zot: 14611
  Crypt (0/3) Vaults:2     Depths (0/4) D:15          IceCv (visited)
Volcano (visited)

Altars:
Ashenzari
Cheibriados
Dithmenos
Elyvilon
Fedhas
Gozag
Hepliaklqana
Kikubaaqudgha
Makhleb
Nemelex Xobeh
Okawaru
Qazlal
Ru
Sif Muna
Trog
Uskayaw
Vehumet
Wu Jian
Xom
Yredelemnul
Zin
The Shining One
Jiyva

Shops:
D:1 =   D:4 (   D:8 [   Orc:2 =[**   Shoals:4 *   Snake:1 ?:?*

Portals:
Pandemonium: Orc:2

Annotations:
D:4 3 runed translucent doors, Khashishi's ghost, novice OpBr; roninjake's ghost, amateur GnEE
D:15 2 transporters, Ganul's ghost, journeyman DsGl
Lair:4 exclusion: oklob plant
Lair:5 exclusion: obsidian statue
Shoals:1 3 runed translucent doors, Hiprater's ghost, adept MiBe; Mil Mal Serr's ghost, adept MiFi
Orc:1 2 transporters, Raruif's ghost, journeyman KoHu


Innate Abilities, Weirdness & Mutations

You can spit globs of acid.
Your golden yellow scales are hard. (AC +10)
You cannot fit into any form of body armour.
You have acidic saliva.
You are cold-blooded and may be slowed by cold attacks.
You are resistant to acid. (rCorr)


Message History

You are too injured to fight recklessly!
You are too injured to fight recklessly!
Activating: Disaster Area (0% risk of failure)
Press: ? - help, Dir - look around, f - activate Nature churns violently around you!
The blast of magma engulfs the slime creature!!
The slime creature is heavily wounded.
The blast of ice hits the slime creature!!
You kill the slime creature!
Qazlal accepts your kill.
The blast of magma engulfs the slime creature!!!
You kill the slime creature!
Qazlal accepts your kill.
The blast of rubble hits the dire elephant but does no damage.
The dire elephant is lightly wounded.
The blast of rubble hits the dire elephant!
The dire elephant is moderately wounded.
The blast of rubble hits the war gargoyle!!
The war gargoyle is heavily damaged.
You block the dire elephant's attack. x2; The dire elephant closely misses you.
The dire elephant barely misses you.
The dire elephant is engulfed in blazing flames.
You block the dire elephant's attack. x2; The dire elephant tramples you!
You hold your ground!
You block the dire elephant's attack.
The very large slime creature hits you!!!
* * * LOW HITPOINT WARNING * * *
You feel more protected from physical attacks.
The crystal guardian hits you but does no damage.
As you read the scroll of teleportation, it crumbles to dust.
You feel strangely unstable. You block the war gargoyle's attack.
You block the dire elephant's attack. x2; The dire elephant tramples you!!
* * * LOW HITPOINT WARNING * * *
You feel more protected from physical attacks.
You hold your ground!
You block the dire elephant's attack. The dire elephant misses you.
The dire elephant trunk-slaps you!
* * * LOW HITPOINT WARNING * * *
The dire elephant tramples you but does no damage.
The dire elephant trunk-slaps you but does no damage.
The very large slime creature hits you!!!
You die...

################
...≈....J.§.≈^≈.
...≈..≈YYY○≈≈≈§§
.....≈§§@Y.≈≈...
......§99J..≈.≈§
.......°.○☼.....
###########'####
≈.# ≈# .#


You could see 4 dire elephants, a crystal guardian, a very large slime creature,
a slime creature and a war gargoyle.

Vanquished Creatures
  Jorgrun (D:14)
  2 Ice Fiends (IceCv)
  3 tentacled starspawn
  A kraken (Shoals:3)
  A tengu reaver (Vaults:2)
  3 nagarajas (Snake:4)
  8 vault wardens
  A balrug (Abyss:3)
  An orc warlord (Orc:2)
  A ghoul (Vaults:2)
  Aizul (Snake:1)
  11 ironbound preservers
  2 very ugly things
  3 ironbound thunderhulks
  Snorg (D:14)
  9 dire elephants
  7 merfolk javelineers
  Josephine (D:12)
  4 merfolk impalers
  The ghost of Teomi the Fighter, a journeyman MiBe of Trog (D:11)
  4 yaktaur captains
  2 jiangshi (Vaults:2)
  9 hydras
  4 vault guards
  4 salamander tyrants
  3 ironbound frosthearts
  3 catoblepae
  3 great orbs of eyes
  Erica (D:9)
  A demonspawn (Orc:2)
  3 boulder beetles
  An ogre mage (Orc:2)
  3 merfolk aquamancers (Shoals:4)
  6 merfolk avatars
  9 anacondas
  28 centaur warriors
  A satyr (Shoals:3)
  8 two-headed ogres
  4 death yaks
  A death knight (D:10)
  3 alligator snapping turtles
  10 naga warriors
  2 spectral dire elephants (Lair:5)
  Urug (D:10)
  A hell hog (Abyss:2)
  5 shock serpents
  7 naga sharpshooters
  10 orc high priests (Orc:2)
  A vampire mage (Vaults:2)
  3 thrashing horrors
  2 wretched stars (Abyss:2)
  3 sun demons
  5 skeletal warriors (D:15)
  A sixfirhy (Abyss:2)
  3 skysharks
  6 large abominations
  4 spectral anacondas
  A spectral death yak (Lair:5)
  Lodul (D:14)
  2 anaconda zombies (Snake:1)
  A death drake (Abyss:2)
  11 sea snakes
  A bog body (IceCv)
  5 salamander mystics
  5 naga ritualists
  31 deep trolls
  A spriggan simulacrum (IceCv)
  7 ironbound convokers
  3 wizards
  An obsidian statue (IceCv)
  4 lindwurms
  9 harpies
  5 anaconda skeletons (Snake:1)
  5 orc knights
  18 ugly things
  15 mana vipers
  2 deep elf pyromancers (D:15)
  6 necromancers
  2 orc sorcerers (Orc:2)
  11 cyclopes
  25 manticores
  27 salamanders
  4 fauns
  10 merfolk sirens
  A rust devil (Abyss:2)
  5 elephants
  Maurice (D:8)
  9 naga magi
  13 cane toads
  6 guardian serpents
  A molten gargoyle (Volcano)
  2 orange demons
  3 smoke demons
  A torpor snail (Lair:1)
  36 black mambas
  9 water nymphs
  4 gargoyles
  5 unseen horrors
  8 vault sentinels
  2 centaur skeletons (D:15)
  A dire elephant skeleton (Lair:5)
  4 komodo dragons
  2 efreet
  20 yaktaurs
  7 anaconda simulacra
  2 ancient zymes (Abyss:2)
  A rime drake (Lair:3)
  4 ice devils (IceCv)
  A tengu conjurer (D:15)
  10 freezing wraiths
  A hellwing (Abyss:2)
  A golden dragon simulacrum (IceCv)
  2 polar bears
  8 trolls
  13 blink frogs
  4 raiju (Abyss:2)
  3 wind drakes
  34 merfolk
  A human simulacrum (Vaults:2)
  3 spectral elephants (Lair:5)
  11 dream sheep
  An ettin zombie (Vaults:2)
  10 snapping turtles
  30 slime creatures
  A centaur simulacrum (D:15)
  3 shadows
  Sigmund (D:4)
  7 water elementals
  2 wyverns
  A ynoxinul (Abyss:2)
  6 wraiths
  A hog (shapeshifter) (D:9)
  A chaos spawn (Orc:2)
  53 yaks
  A basilisk (Lair:1)
  3 steam dragons
  A vampire mosquito (D:10)
  Edmund (D:4)
  3 minotaur simulacra (IceCv)
  A spectral cane toad (Lair:5)
  4 wargs
  36 nagas
  2 acid dragons
  16 water moccasins
  3 ice beasts
  An alligator simulacrum (IceCv)
  2 sky beasts
  3 black bears
  26 orc warriors
  An ettin simulacrum (IceCv)
  15 ogres
  15 centaurs
  12 wolves
  An elephant skeleton (Lair:5)
  14 starcursed masses (Abyss:2)
  5 phantoms
  6 bullfrogs
  A gnoll sergeant (D:8)
  A kobold brigand (D:11)
  5 deep troll simulacra (IceCv)
  A glowing shapeshifter simulacrum (Vaults:2)
  A cane toad simulacrum (Lair:5)
  10 wights
  6 small abominations
  11 killer bees
  4 elephant simulacra (Lair:5)
  3 howler monkeys (D:13)
  3 hounds
  4 jellies
  31 orc priests
  2 iron imps
  2 iguanas
  9 orc wizards
  A boggart zombie (D:15)
  7 hell rats
  30 gnolls
  6 adders
  11 river rats (Lair:5)
  A shadow imp (D:5)
  3 white imps
  6 ufetubi
  2 worms
  2 dart slugs
  76 orcs
  6 bats
  5 endoplasms
  4 giant cockroaches
  33 goblins
  31 hobgoblins
  7 kobolds
  A quokka (D:1)
  2 ball pythons
  2 frilled lizards
  5 rats
  A starspawn tentacle (Abyss:2)
  4 tentacles (Shoals:3)
1308 creatures vanquished.

Vanquished Creatures (collateral kills)
  An Executioner (D:15)
1 creature vanquished.

Vanquished Creatures (others)
  Asterion (Snake:3)
  A spectral death yak (Lair:5)
  A salamander mystic (Lair:2)
  A deep elf pyromancer (D:15)
  An orc (Orc:2)
  A bush (Lair:5)
  19 fungi
  2 lurking horrors (Abyss:2)
  49 plants
  18 starspawn tentacles
  11 tentacles (Shoals:3)
  39 withered plants
144 creatures vanquished.

Grand Total: 1453 creatures vanquished

Notes
Turn   | Place    | Note
-------+----------+-------------------------------------------
     0 | D:1      | Zeldest the Draconian Brigand began the quest for the Orb.
     0 | D:1      | Reached XP level 1. HP: 17/17 MP: 1/1
    24 | D:1      | Reached skill level 1 in Dodging
    82 | D:1      | Reached skill level 1 in Long Blades
   112 | D:1      | Reached XP level 2. HP: 25/25 MP: 2/2
   159 | D:1      | Found Ethiemev's Jewellery Shoppe.
   817 | D:2      | Reached XP level 3. HP: 30/30 MP: 3/3
  1364 | D:2      | Reached XP level 4. HP: 11/37 MP: 4/4
  1713 | D:3      | Found an ancient bone altar of Kikubaaqudgha.
  1743 | D:2      | Reached XP level 5. HP: 37/45 MP: 5/5
  2356 | D:3      | Reached XP level 6. HP: 30/52 MP: 6/6
  2473 | D:4      | Noticed a sky beast
  2483 | D:4      | Killed a sky beast
  2613 | D:4      | Found a stormy altar of Qazlal.
  2626 | D:4      | Noticed Edmund
  2645 | D:4      | Killed Edmund
  2646 | D:4      | Reached skill level 5 in Long Blades
  2646 | D:4      | Your scales start taking on a golden yellow colour.
  2646 | D:4      | Reached XP level 7. HP: 12/60 MP: 7/7
  2646 | D:4      | Gained mutation: You are resistant to acid. (rCorr) [Yellow
                  | Draconian growth]
  2807 | D:4      | Found a runed translucent gate.
  2807 | D:4      | Found a runed translucent gate.
  2807 | D:4      | Found a runed translucent gate.
  2811 | D:4      | Noticed Khashishi's ghost (novice OpBr)
  2811 | D:4      | Noticed roninjake's ghost (amateur GnEE)
  2904 | D:4      | Found Noasmucu's Weapon Emporium.
  3047 | D:4      | Noticed Sigmund
  3054 | D:4      | Killed Sigmund
  3055 | D:4      | Reached skill level 5 in Fighting
  3609 | D:4      | Reached XP level 8. HP: 57/69 MP: 8/8
  4001 | D:5      | Entered Level 5 of the Dungeon
  4246 | D:5      | Found a staircase to the Ecumenical Temple.
  4286 | Temple   | Entered the Ecumenical Temple
  4557 | D:4      | Became a worshipper of Qazlal Stormbringer
  4623 | D:5      | Reached skill level 1 in Invocations
  4698 | D:5      | Found a shimmering blue altar of Sif Muna.
  4718 | D:5      | Reached skill level 2 in Invocations
  5301 | D:5      | Reached skill level 3 in Invocations
  5499 | D:6      | Found a broken altar of Ashenzari.
  5699 | D:6      | Reached XP level 9. HP: 74/75 MP: 11/11
  5708 | D:6      | Reached * piety under Qazlal
  5747 | D:6      | Reached skill level 4 in Invocations
  6578 | D:7      | Reached skill level 5 in Invocations
  6584 | D:7      | Noticed a two-headed ogre
  6598 | D:7      | Killed an unseen horror
  6599 | D:7      | Reached skill level 10 in Long Blades
  6602 | D:7      | Killed a two-headed ogre
  6603 | D:7      | Reached skill level 6 in Invocations
  7101 | D:7      | Found a shimmering altar of Xom.
  7104 | D:7      | Found a sacrificial altar of Ru.
  7110 | D:7      | Found a white marble altar of Elyvilon.
  7155 | D:7      | Reached XP level 10. HP: 76/83 MP: 14/14
  7275 | D:7      | Reached skill level 9 in Invocations
  7275 | D:7      | Reached XP level 11. HP: 89/89 MP: 14/17
  7473 | D:8      | Noticed Maurice
  7482 | D:8      | Killed Maurice
  7876 | D:8      | Reached skill level 10 in Invocations
  8114 | D:1      | Bought the amulet "Fiefuex" {RegenMP Regen+} for 518 gold
                  | pieces
  8252 | D:8      | Found Vallac's Antique Armour Shop.
  8355 | D:9      | Noticed Erica
  8355 | D:9      | Noticed a two-headed ogre
  8450 | D:9      | Identified the +0 cloak of Peraqek {rC+}
  8494 | D:9      | Reached ** piety under Qazlal
  8556 | D:9      | Found a staircase to the Orcish Mines.
  8671 | D:9      | Reached skill level 11 in Invocations
  8671 | D:9      | Paralysed by an orc priest for 4 turns
  8926 | D:9      | Reached *** piety under Qazlal
  8985 | D:9      | Killed Erica
  9043 | D:9      | Killed a two-headed ogre
  9079 | D:9      | Reached skill level 5 in Dodging
  9113 | D:9      | Found a staircase to the Lair.
  9146 | Lair:1   | Entered Level 1 of the Lair of Beasts
  9165 | Lair:1   | Reached skill level 12 in Invocations
  9432 | Lair:1   | Reached XP level 12. HP: 90/100 MP: 21/21
  9756 | Lair:1   | Noticed a catoblepas
  9772 | Lair:1   | Killed a catoblepas
  9850 | Lair:1   | Reached **** piety under Qazlal
 10202 | Lair:2   | Noticed a catoblepas
 10215 | Lair:2   | Killed a catoblepas
 10260 | Lair:2   | Found a staircase to the Snake Pit.
 10378 | Lair:2   | Reached skill level 13 in Invocations
 11089 | Lair:3   | Got the Quarto of Deathly Grit
 11113 | Lair:3   | Noticed a six-headed hydra
 11120 | Lair:3   | Killed a two-headed hydra
 11125 | Lair:3   | Identified a scroll of acquirement
 11129 | Lair:3   | Acquired the +1 pair of boots "Fisos" {Contam +Inv rElec
                  | rN+++}
 11572 | Lair:3   | Found a staircase to the Shoals.
 11861 | Lair:3   | Reached skill level 1 in Shields
 12314 | Lair:3   | Noticed a catoblepas
 12314 | Lair:3   | Noticed a death yak
 12339 | Lair:3   | Killed a catoblepas
 12340 | Lair:3   | Reached XP level 13. HP: 31/112 MP: 23/23
 13020 | Lair:4   | Found a dark tunnel.
 13041 | Volcano  | Entered a volcano
 13117 | Volcano  | Reached skill level 10 in Fighting
 13312 | Lair:4   | Reached skill level 14 in Invocations
 13668 | Lair:4   | Found a viscous altar of Jiyva.
 13669 | Lair:4   | Found a staircase to the Slime Pits.
 14026 | Lair:5   | Entered Level 5 of the Lair of Beasts
 14176 | Lair:5   | Reached ***** piety under Qazlal
 14489 | Lair:5   | Reached skill level 5 in Shields
 14951 | Lair:5   | Noticed a dire elephant
 14952 | Lair:5   | Noticed a dire elephant
 15347 | Lair:5   | Gained mutation: You have acidic saliva. [Yellow Draconian
                  | growth]
 15347 | Lair:5   | Reached XP level 14. HP: 120/124 MP: 25/25
 15534 | Lair:5   | Reached skill level 15 in Invocations
 15789 | Lair:5   | Identified the amulet of Lusagy {Reflect rF++ rC+ SH+5}
 15992 | D:10     | Entered Level 10 of the Dungeon
 16029 | D:10     | Noticed Urug
 16040 | D:10     | Killed Urug
 16456 | D:10     | Reached skill level 10 in Dodging
 17485 | D:11     | Found a runed translucent door.
 17713 | D:11     | Identified the +3 falchion "Ceech" {freeze, Str+2 Dex+3
                  | Stlth+}
 17933 | D:11     | Noticed Teomi's ghost (journeyman MiBe)
 17956 | D:11     | Killed Teomi's ghost
 18122 | D:12     | Noticed Josephine
 18135 | D:12     | Killed Josephine
 19091 | D:13     | You fall into a shaft and drop 1 floor!
 19097 | D:14     | Noticed Lodul
 19110 | D:14     | Killed Lodul
 19119 | D:14     | Noticed Jorgrun
 19628 | D:14     | Reached ****** piety under Qazlal
 19656 | D:14     | Killed Jorgrun
 19886 | D:14     | Reached XP level 15. HP: 134/134 MP: 26/26
 19936 | D:14     | Reached skill level 16 in Invocations
 19940 | D:14     | Noticed Snorg
 19974 | D:14     | Killed Snorg
 20059 | D:15     | Entered Level 15 of the Dungeon
 20778 | D:14     | Found a gate to the Vaults.
 21008 | D:15     | Found a transporter.
 21016 | D:15     | Found a transporter.
 21021 | D:15     | Found a bloodstained altar of Trog.
 21021 | D:15     | Noticed Ganul's ghost (journeyman DsGl)
 21077 | Abyss:2  | Cast into level 2 of the Abyss (a wizard)
 21112 | Abyss:2  | Paralysed by accursed screaming for 2 turns
 21187 | Abyss:2  | Noticed a tentacled starspawn
 21196 | Abyss:2  | Killed a tentacled starspawn
 21321 | Abyss:2  | Noticed a tentacled starspawn
 21325 | Abyss:2  | Found a corrupted altar of Lugonu.
 21460 | Abyss:2  | Noticed a tentacled starspawn
 21489 | Abyss:2  | Found a corrupted altar of Lugonu.
 21502 | Abyss:2  | Noticed a tentacled starspawn
 21525 | Abyss:2  | Killed a tentacled starspawn
 21553 | Abyss:2  | Noticed an Executioner
 21557 | D:15     | Escaped the Abyss
 21577 | D:15     | Killed an Executioner
 22079 | Abyss:2  | Found a corrupted altar of Lugonu.
 22079 | Abyss:2  | Cast into level 2 of the Abyss (a wizard)
 22136 | Abyss:2  | Reached skill level 10 in Shields
 22180 | Abyss:2  | Noticed a revenant
 22224 | Abyss:3  | Found a corrupted altar of Lugonu.
 22261 | Abyss:3  | Reached skill level 17 in Invocations
 22313 | Abyss:3  | Noticed a tentacled starspawn
 22320 | Abyss:3  | Killed a tentacled starspawn
 22321 | Abyss:3  | Reached XP level 16. HP: 100/146 MP: 28/28
 22323 | D:15     | Escaped the Abyss
 22608 | D:15     | Found a staircase to the Depths.
 22931 | Orc:1    | Entered Level 1 of the Orcish Mines
 23065 | Orc:2    | Entered Level 2 of the Orcish Mines
 23323 | Orc:2    | Found Davvoaho's General Store.
 23786 | Orc:2    | Found a staircase to the Elven Halls.
 24035 | Orc:2    | Found Viurap's General Store.
 24083 | Orc:2    | Bought a scroll of blinking for 127 gold pieces
 24690 | Orc:2    | Found Woat's Jewellery Shoppe.
 24690 | Orc:2    | Found Daenurr's Antique Armour Emporium.
 24691 | Orc:2    | Found a one-way gate leading to the halls of Pandemonium.
 24698 | Orc:2    | Bought an embroidered hat for 196 gold pieces
 25132 | Orc:1    | Found a transporter.
 25139 | Orc:1    | Noticed Raruif's ghost (journeyman KoHu)
 25153 | Orc:1    | Found a transporter.
 25506 | Snake:1  | Entered Level 1 of the Snake Pit
 25685 | Snake:1  | Reached skill level 15 in Fighting
 26163 | Snake:1  | Noticed Aizul
 26170 | Snake:1  | Killed Aizul
 26302 | Snake:1  | Found Loal's Assorted Antiques.
 26302 | Snake:1  | Found Mykk's Magic Scroll Emporium.
 26303 | Snake:1  | Found Udyis's Magic Scroll Shoppe.
 26305 | Snake:1  | Found Dilashie's Book Emporium.
 26313 | Snake:1  | Bought a scroll of teleportation for 51 gold pieces
 26313 | Snake:1  | Bought a scroll of teleportation for 51 gold pieces
 26319 | Snake:1  | Bought a scroll of blinking for 112 gold pieces
 26319 | Snake:1  | Bought a scroll of blinking for 112 gold pieces
 26319 | Snake:1  | Bought a scroll of teleportation for 45 gold pieces
 26319 | Snake:1  | Bought a scroll of blinking for 112 gold pieces
 26319 | Snake:1  | Bought a scroll of enchant weapon for 112 gold pieces
 26449 | Snake:1  | Reached skill level 18 in Invocations
 27061 | Snake:2  | Reached XP level 17. HP: 153/156 MP: 30/30
 29695 | Snake:4  | Entered Level 4 of the Snake Pit
 29705 | Snake:4  | Noticed Asterion
 29731 | Snake:3  | Killed Asterion
 30879 | Snake:4  | Reached skill level 19 in Invocations
 31212 | Snake:4  | Got a serpentine rune of Zot
 31464 | Shoals:1 | Entered Level 1 of the Shoals
 31726 | Orc:2    | Bought a ring of flight for 315 gold pieces
 32291 | Shoals:1 | Found a runed translucent gate.
 32291 | Shoals:1 | Found a runed translucent gate.
 32291 | Shoals:1 | Found a runed translucent gate.
 32294 | Shoals:1 | Noticed Mil Mal Serr's ghost (adept MiFi)
 32296 | Shoals:1 | Noticed Hiprater's ghost (adept MiBe)
 32297 | Shoals:1 | Noticed Mil Mal Serr's ghost (adept MiFi)
 32462 | Shoals:1 | You are sucked into a shaft and drop 1 floor!
 33005 | Shoals:2 | Reached XP level 18. HP: 165/168 MP: 31/31
 35137 | Shoals:4 | Entered Level 4 of the Shoals
 35577 | Shoals:4 | Found a frozen archway.
 35586 | IceCv    | Entered an ice cave
 35806 | IceCv    | Noticed an Ice Fiend
 35813 | IceCv    | Noticed an Ice Fiend
 35883 | IceCv    | Killed an Ice Fiend
 36122 | IceCv    | Killed an Ice Fiend
 37204 | Shoals:4 | Reached skill level 15 in Dodging
 37693 | Shoals:4 | Found Usoenom's Overcharged Wands.
 37759 | Shoals:4 | Reached skill level 20 in Invocations
 37782 | Shoals:4 | Got a barnacled rune of Zot
 38762 | Vaults:1 | Entered Level 1 of the Vaults
 38780 | Vaults:1 | Reached XP level 19. HP: 159/179 MP: 33/33
 39287 | Vaults:1 | Identified the ring "Kyurad" {rPois rF- rN+ Dex+4}
 40213 | Vaults:2 | Reached skill level 15 in Shields
 41118 | Vaults:2 | Identified the +0 scale mail "Falob" {Str+2}
 41174 | Vaults:2 | Paralysed by a great orb of eyes for 5 turns
 41442 | Vaults:2 | Found a staircase to the Crypt.
 41786 | Vaults:2 | Reached skill level 21 in Invocations
 41952 | Vaults:2 | Reached XP level 20. HP: 191/191 MP: 34/34
 42412 | Vaults:3 | Demolished by a very large slime creature

Illustrated notes

Levels and vault maps discovered:
D:1:      tarquinn_simple_flora_water_f, layout_rooms, serial_shops,
          nicolae_shop_crystal, chequers_serial_rivers_micro_a
D:2:      layout_loops_ring, minmay_misc_feat_x, minmay_goblin_outpost
D:3:      cheibrodos_pilgrimage, layout_rooms, nicolae_overflow_hidden_temple,
          general_overflow_altar, dreamdust_princess_corridor, amethyst_killhole
D:4:      minmay_goblin_kobold_castle, layout_basic, grunt_qazlal_clouds,
          gammafunk_ghost_cemetery, nicolae_stop_n_shop_1, uniq_sigmund,
          uniq_edmund
D:5:      nicolae_cairo_tiling_large_dashed, layout_basic,
          mainiacjoe_overflow_catwalk, minmay_temple_entry_overgrown,
          minmay_puff
D:6:      layout_loops_cross, nicolae_ashenzari_panopticon,
          nicolae_concentric_dashed_squares_mild
D:7:      minmay_cornered_nines, layout_basic, grunt_temple_overflow_diamond
D:8:      layout_basic, serial_shops, shop, minmay_holes, uniq_maurice
D:9:      layout_rooms, david_lair_shrubbed, david_orc_5, uniq_erica
D:10:     minmay_the_grid_four_pointed_star [minmay_the_grid_triangle_9x9_sprig,
          minmay_the_grid_triangle_9x9_longest,
          minmay_the_grid_triangle_9x9_pentomino_pain,
          minmay_the_grid_triangle_9x9_windchime,
          minmay_the_grid_prize_four_corners], layout_irregular_city, uniq_urug
D:11:     layout_rooms, ebering_ghost_reflecting_pool, hangedman_decor_riveting
D:12:     layout_loops_ring, uniq_josephine
D:13:     layout_roguey
D:14:     layout_long_grid, david_vaults_5, minmay_misc_feat_pillars,
          uniq_snorg, uniq_jorgrun, uniq_lodul
D:15:     grunt_enter_depths_magical_seal, layout_basic,
          gammafunk_ghost_wrathful_warriors,
          nicolae_concentric_dashed_squares_wild
Temple:   dpeg_chambers_temple
Lair:1:   layout_cave_pods, grunt_megastairs_4
Lair:2:   layout_roguey, guppyfry_snake_entry_island
Lair:3:   nzn_winding_woodlands_cross
          [nzn_winding_woodlands_5x15_river_crossing,
          nzn_winding_woodlands_5x15_concentric,
          nzn_winding_woodlands_5x15_default,
          nzn_winding_woodlands_5x15_sidewinder,
          nzn_winding_woodlands_15x15_boxy_spiral], layout_cave_pods,
          minmay_shoals_entry_lonely_mermaid
Lair:4:   layout_cave_pods, dpeg_slime_entry_enclosed,
          nicolae_volcano_entry_lava_flow, infiniplex_staircase_pool_2
Lair:5:   due_jungle_book, layout_misc_corridors, kennysheep_rathole
Shoals:1: layout_shoals, gammafunk_ghost_cemetery
Shoals:2: layout_shoals, nicolae_shoals_nymph_descending_staircase
Shoals:3: layout_shoals
Shoals:4: shoals_end_simple, layout_shoals, portal_ice_cave_entry_ugly_swarm,
          nicolae_shop_overcharged_wands
Snake:1:  layout_onion_interference, grunt_ministairs_9,
          nicolae_snake_dead_anacondas, minmay_shoptagon, uniq_aizul
Snake:2:  layout_misc_corridors, grunt_megastairs_2
Snake:3:  layout_honeycomb
Snake:4:  grunt_snake_rune_pools, layout_cave_town, uniq_asterion
Orc:1:    layout_caves, gammafunk_ghost_stat_death
Orc:2:    pf_orc_diabolical, layout_diamond_mine, basic_altar
Vaults:1: nicolae_vaults_little_squares_3, vaults_mumra_hexcomb,
          ontoclasm_vaults_hangar, v_rooms_1, hangedman_vaults_variations,
          vaults_room_door_ring, v_misc_11, ontoclasm_vaults_twist,
          vaults_dpeg_hooks, layout_vaults_chaotic_city
Vaults:2: minmay_crypt_entry_simple_walls, nicolae_vaults_shelves_hall,
          hangedman_vaults_impose, v_rooms_6, nicolae_vaults_big_ls,
          st_smaller_cells, v_misc_33, hangedman_vaults_nails,
          nicolae_vaults_alarming, hangedman_vaults_stretched_pinwheel,
          vaults_room_fours, vaults_room_pools, vaults_mumra_lcd, v_misc_15,
          layout_vaults_maze_bifur
Vaults:3: nicolae_vaults_circle_grid_a, hangedman_vaults_corner_blocks,
          v_rooms_6, vaults_room_boxed, v_alt_pattern_6,
          hangedman_vaults_restitches, v_misc_1, v_rooms_5,
          vaults_room_door_ring, vaults_room_semicircle, vaults_dpeg_ring,
          layout_vaults_ring

Skill      XL: |  1  2  3  4  5  6  7  8  9 10 11 12 13 14 15 16 17 18 19 |
---------------+----------------------------------------------------------+-----
Dodging        | 1 2 3 4 5 7 9 10 12 13 14 15 16 | 16.2
Long Blades    | 1 2 3 4 5 6 8 11 13 | 13.9
Fighting       | 3 4 5 7 9 11 12 14 15 16 17 19 | 19.1
Invocations    | 3 6 9 12 13 14 15 17 18 19 20 21 | 21.1
Shields        | 2 5 8 10 11 13 14 15 | 15.8
Short Blades   | |  2.0
Throwing       | |  1.7
Stealth        | |  3.6

Action                     |  1- 3 |  4- 6 |  7- 9 | 10-12 | 13-15 | 16-18 | 19-21 || total
---------------------------+-------+-------+-------+-------+-------+-------+-------++-------
  Melee: Dagger            |   111 |   182 |   204 |       |       |       |       ||   497
         Tailslap          |    12 |    31 |    49 |    88 |   276 |   399 |   165 ||  1020
         Punch             |     1 |     4 |     8 |    13 |       |       |       ||    26
         Demon blade       |       |       |   145 |   603 |  1302 |  1832 |   590 ||  4472
         Bite              |       |       |       |       |   156 |   319 |   115 ||   590
   Fire: Sling             |    14 |       |       |       |       |       |       ||    14
  Throw: Dart              |       |     3 |       |       |       |       |       ||     3
 Invoke: Upheaval          |       |       |       |     1 |     1 |     7 |       ||     9
         Disaster Area     |       |       |       |       |     1 |     5 |     4 ||    10
Ability: Breathe Acid      |       |       |    11 |    10 |     2 |     3 |       ||    26
  Evoke: Wand              |       |       |       |     1 |     1 |     4 |       ||     6
         Phantom mirror    |       |       |       |       |     1 |       |       ||     1
    Use: Scroll            |       |       |    17 |    10 |    16 |    11 |     2 ||    56
         Potion            |       |       |       |     2 |    12 |     6 |       ||    20
   Stab: Sleeping          |     8 |     8 |     9 |       |       |       |       ||    25
         Distracted        |       |     2 |     1 |       |     1 |       |       ||     4
         Petrified         |       |       |       |     5 |       |       |       ||     5
         Invisible         |       |       |       |       |     5 |     1 |       ||     6
 Armour: Skin              |    51 |    62 |   123 |   168 |   218 |   159 |    64 ||   845
  Dodge: Dodged            |    68 |   112 |   241 |   362 |   458 |   537 |   184 ||  1962
         Repelled          |       |       |       |     3 |    12 |    19 |     1 ||    35
  Block: Other             |       |       |     3 |    75 |       |       |       ||    78
         Buckler           |       |       |       |    28 |   276 |       |       ||   304
         Kite shield       |       |       |       |       |   654 |  1794 |       ||  2448
         Reflection        |       |       |       |       |    72 |   149 |    45 ||   266
         Tower shield      |       |       |       |       |       |   321 |   878 ||  1199

Table legend: (Time is in decaauts)
 A = Elapsed time spent in this place.
 B = Non-inter-level travel time spent in this place.
 C = Inter-level travel time spent in this place.
 D = Time resting spent in this place.
 E = Time spent auto-exploring this place.
 F = Levels seen in this place.
 G = Mean time per level.
                   A        B        C        D        E       F      G
               +--------+--------+--------+--------+--------+-----+--------+
         Total |  41229 |  38278 |   2951 |  10885 |  19197 |  39 | 1057.2 |
       Dungeon |  15505 |  14102 |   1403 |   3517 |   7774 |  15 | 1033.7 |
        Temple |    227 |    204 |     23 |      0 |    192 |   1 |  227.0 |
          Lair |   6683 |   5867 |    816 |    832 |   3848 |   5 | 1336.6 |
        Shoals |   5350 |   5211 |    139 |   2137 |   2022 |   4 | 1337.5 |
     Snake Pit |   5529 |   5310 |    219 |   1867 |   2334 |   4 | 1382.2 |
  Orcish Mines |   2664 |   2392 |    272 |    929 |   1026 |   2 | 1332.0 |
        Vaults |   3387 |   3310 |     77 |    904 |   1703 |   3 | 1129.0 |
         Abyss |    673 |    673 |      0 |    206 |      0 |   3 |  224.3 |
      Ice Cave |   1022 |   1022 |      0 |    471 |    189 |   1 | 1022.0 |
       Volcano |    184 |    184 |      0 |     21 |    108 |   1 |  184.0 |
               +--------+--------+--------+--------+--------+-----+--------+

Top non-repeatable levels by time:
   Orc:2: 1981 daAuts
  Lair:3: 1897 daAuts
Shoals:3: 1871 daAuts
 Snake:3: 1797 daAuts
Vaults:2: 1792 daAuts
     D:4: 1638 daAuts
Vaults:1: 1585 daAuts
  Lair:5: 1502 daAuts
     D:9: 1468 daAuts
Shoals:2: 1465 daAuts
Shoals:4: 1425 daAuts
    D:15: 1307 daAuts
    D:14: 1301 daAuts
     D:7: 1279 daAuts
 Snake:2: 1253 daAuts
